 Dungeon Crawl Stone Soup version 0.30-a0-292-g0f741e3f8e (webtiles) character file.

Game seed: 3105618427737669154

249 Powertoast the Ruffian (level 5, 0/52 HPs)
             Began as a Troll Gladiator on Oct 17, 2022.
             Was an Initiate of Okawaru.
             Slain by a gnoll sergeant
             ... wielding a +2 spear
              (6 damage)
             ... on level 4 of the Dungeon.
             The game lasted 00:07:27 (2839 turns).

Powertoast the Ruffian (Troll Gladiator)            Turns: 2839, Time: 00:07:27

Health: 0/52       AC:  4    Str: 22    XL:     5   Next: 86%
Magic:  4/4        EV: 10    Int:  4    God:    Okawaru [......]
Gold:   272        SH:  0    Dex: 13    Spells: 4/4 levels left

rFire   . . .      SeeInvis +      - Unarmed
rCold   . . .      Faith    .    (no shield)
rNeg    + . .      Spirit   .    a - +0 robe
rPois   +          Reflect  .    b - +0 hat
rElec   .          Harm     .    (no cloak)
rCorr   .          Rampage  .    (gloves unavailable)
Will    .....                    (boots unavailable)
Stlth   +.........               (no amulet)
HPRegen 1.08/turn                q - ring of see invisible
MPRegen 0.09/turn                s - ring of positive energy

@: no status effects
A: large, unfitting armour, claws 3, regeneration 1, shaggy fur 1, tough skin 1,
talons 1, poison resistance
a: Renounce Religion


You were on level 4 of the Dungeon.
You worshipped Okawaru.
Okawaru was noncommittal.
You visited 2 branches of the dungeon, and saw 5 of its levels.

You collected 272 gold pieces.

Inventory:

Missiles
 c - 3 throwing nets
 d - a large rock
 p - 5 boomerangs (quivered)
 r - 5 poisoned darts
Armour
 a - a +0 robe (worn)
 b - a +0 hat (worn)
Jewellery
 q - a ring of see invisible (left claw)
 s - a ring of positive energy (right claw)
Wands
 v - a wand of mindburst (11)
 w - a wand of polymorph (6)
Scrolls
 e - 3 scrolls of teleportation {unknown}
 g - 2 scrolls of silence {unknown}
 i - a scroll of magic mapping {unknown}
 j - a scroll of fear {unknown}
 k - 2 scrolls of brand weapon {unknown}
 l - a scroll of identify {unknown}
 m - a scroll of immolation {unknown}
 o - a scroll of blinking {unknown}
Potions
 f - a potion of brilliance {unknown}
 h - a potion of curing
 n - a potion of might {unknown}
 t - a potion of attraction {unknown}
 u - a potion of lignification {unknown}
 x - 2 potions of mutation


   Skills:
 + Level 2.9 Fighting
 - Level 1.7 Throwing
 - Level 2.4 Dodging
 + Level 5.9 Unarmed Combat


You had 4 spell levels left.
You didn't know any spells.
Your spell library was empty.

Dungeon Overview and Level Annotations

Branches:
Dungeon (4/15)             Temple (1/1) D:4

Altars:
Ashenzari
Dithmenos
Elyvilon
Fedhas
Gozag
Hepliaklqana
Makhleb
Nemelex Xobeh
Okawaru
Ru
Vehumet
Wu Jian
Yredelemnul
The Shining One

Shops:
D:3 =


Innate Abilities, Weirdness & Mutations

You are too large for most types of armour.
You have claws for hands.
Your natural rate of healing is unusually fast.
You are covered in fur. (AC +1)
You have tough skin. (AC +1)
You have sharp toenails.
Your system is resistant to poisons. (rPois)


Message History

The gnoll hits you with a +0 flail!
You claw the gnoll!
You kill the gnoll!
Okawaru accepts your kill.
You mangle the gnoll!!
You kill the gnoll!
Okawaru accepts your kill.
You claw the gnoll!
You kill the gnoll!
Okawaru accepts your kill. The gnoll barely misses you.
Things that are here:
a +0 whip; a gnoll corpse You claw the gnoll!
You kill the gnoll!
Okawaru accepts your kill.
The gnoll sergeant hits you from afar with a +2 spear!
Found a jade ring.
The gnoll sergeant hits you with a +2 spear!
Things that are here:
a +0 spear; a gnoll corpse You closely miss the gnoll sergeant.
The gnoll sergeant hits you with a +2 spear!
You barely miss the gnoll sergeant.
The gnoll sergeant hits you with a +2 spear!
* * * LOW HITPOINT WARNING * * *
Okay, then.
It was a potion of curing.
You feel better.
The gnoll sergeant hits you with a +2 spear.
* * * LOW HITPOINT WARNING * * *
It was a potion of mutation.
You feel extremely strange.
You feel resistant to poisons.
Your toenails lengthen and sharpen.
The gnoll sergeant hits you with a +2 spear!
* * * LOW HITPOINT WARNING * * *
You scratch the gnoll sergeant but do no damage.
The gnoll sergeant hits you with a +2 spear.
* * * LOW HITPOINT WARNING * * *
You closely miss the gnoll sergeant.
The gnoll sergeant hits you with a +2 spear.
You die...

# ###....#####.....
####.<.##.......#
.#....######...##
.....## ##.## #.....#
##.# #......#####..## #
#..)#.........)## ..#
##..##.........)###.....
#..###......##)@g.....=
##.####....#####.....##
..# #...# #....#
..###..# ....# #.......
...# ##........ ...#
#...# #. ..# ...# ..#
..##


You could see a gnoll sergeant.

Vanquished Creatures
  A howler monkey (D:4)
  An iguana (D:4)
  4 gnolls (D:4)
  6 adders
  4 worms
  2 dart slugs
  An orc (D:3)
  5 endoplasms
  5 giant cockroaches
  9 goblins
  2 hobgoblins
  11 jackals
  3 quokkas
  5 ball pythons
  4 bats
  5 frilled lizards
  4 kobolds (D:1)
  7 rats
79 creatures vanquished.

Vanquished Creatures (others)
  4 toadstools (D:1)
4 creatures vanquished.

Grand Total: 83 creatures vanquished

Notes
Turn   | Place    | Note
-------+----------+-------------------------------------------
     0 | D:1      | Powertoast the Troll Gladiator began the quest for the Orb.
     0 | D:1      | Reached XP level 1. HP: 19/19 MP: 0/0
   163 | D:1      | Reached XP level 2. HP: 28/28 MP: 1/1
   570 | D:1      | Reached skill level 4 in Unarmed Combat
   578 | D:1      | Reached XP level 3. HP: 35/35 MP: 2/2
   849 | D:2      | Reached XP level 4. HP: 39/42 MP: 3/3
  1316 | D:3      | Reached skill level 5 in Unarmed Combat
  1329 | D:3      | Found Gikimets's Jewellery Boutique.
  1731 | D:3      | Found a faded altar of an unknown god.
  1959 | D:3      | Found a blossoming altar of Fedhas.
  2255 | D:4      | Found a staircase to the Ecumenical Temple.
  2300 | Temple   | Entered the Ecumenical Temple
  2305 | Temple   | Became a worshipper of Warmaster Okawaru
  2428 | D:4      | Reached XP level 5. HP: 29/49 MP: 4/4
  2837 | D:4      | Gained mutation: Your system is resistant to poisons.
                  | (rPois) [potion of mutation]
  2837 | D:4      | Gained mutation: You have sharp toenails. [potion of
                  | mutation]
  2839 | D:4      | Slain by a gnoll sergeant

Illustrated notes

Levels and vault maps discovered:
D:1:      ldierk_water_garden, layout_loops_cross, roderic_serpentine_path
D:2:      layout_rooms
D:3:      layout_loops_ring, fedhas_altar_4, serial_shops, shop,
          hellmonk_ecumenical_altar_zigzags
D:4:      layout_layer_cave, temple_doors_e, serial_shops, shop,
          amcnicky_mini_rare_corridor_liquid, uniq_ijyb
Temple:   cyrus_circular_temple

Skill      XL: |  1  2  3  4 |
---------------+-------------+-----
Unarmed Combat | 4 5 |  5.9
Fighting       | 2 |  2.9
Throwing       | |  1.7
Dodging        | |  2.4

Action                   |  1- 3 |  4- 6 || total
-------------------------+-------+-------++-------
Melee: Unarmed           |    95 |   103 ||   198
       Punch             |       |     2 ||     2
  Use: Potion            |       |     2 ||     2
 Stab: Sleeping          |     4 |     1 ||     5
Armor: Robe              |    24 |    29 ||    53
Dodge: Dodged            |    31 |    29 ||    60

Table legend: (Time is in decaauts)
 A = Elapsed time spent in this place.
 B = Non-inter-level travel time spent in this place.
 C = Inter-level travel time spent in this place.
 D = Time resting spent in this place.
 E = Time spent auto-exploring this place.
 F = Levels seen in this place.
 G = Mean time per level.
                   A        B        C        D        E       F      G
               +--------+--------+--------+--------+--------+-----+--------+
         Total |   2826 |   2684 |    142 |      0 |   2168 |   5 |  565.2 |
       Dungeon |   2767 |   2634 |    133 |      0 |   2127 |   4 |  691.8 |
        Temple |     59 |     50 |      9 |      0 |     41 |   1 |   59.0 |
               +--------+--------+--------+--------+--------+-----+--------+

Top non-repeatable levels by time:
     D:3: 827 daAuts
     D:1: 764 daAuts
     D:4: 639 daAuts
     D:2: 535 daAuts
  Temple: 59 daAuts
